 Dungeon Sprint DCSS version 0.30-a0-800-g7c544603b3 (webtiles) character file.

Game seed: 6338133684381664905

6700000 BigDaddyOpFi the Intangible (level 27, -64/228 HPs)
             Began as a Djinni Summoner on Feb 23, 2023.
             Was the Champion of Makhleb.
             Annihilated by The Servant
             ... wielding a +9 glaive of flaming
              (158 damage)
             ... in the Dungeon (Sprint VIII: "Arena of Blood").
             The game lasted 00:02:05 (67 turns).

BigDaddyOpFi the Intangible (Djinni Summoner)         Turns: 67, Time: 00:02:06

Health: -64/228    AC:  4    Str:  7    XL:     27
Gold:   0          EV: 39    Int: 19    God:    Makhleb [******] SH:  0 Dex: 26

rFire   + + .      SeeInvis .    g - +∞ Axe of Woe
rCold   x . .      Faith    .    (shield currently unavailable)
rNeg    . . .      Spirit   .    a - +0 robe
rPois   ∞          Reflect  .    (no helmet)
rElec   .          Harm     .    (no cloak)
rCorr   .          Rampage  .    (no gloves)
Will    ++...      NoTele   +    (boots unavailable)
Stlth   ++++++++++               (no amulet)
HPRegen 0.58/turn                (no ring)
MPRegen 0.00/turn                (no ring)

@: flying, slowed, very slow
A: sickness immunity, fire resistance 2, cold vulnerability 1, float, innate
caster, HP casting, extra vitality 1
a: Renounce Religion, Minor Destruction, Lesser Servant of Makhleb, Major
Destruction, Greater Servant of Makhleb


You were in the Dungeon.
You worshipped Makhleb.
Makhleb was exalted by your worship.
You visited 1 branch

Inventory:

Hand Weapons
 g - the +∞ Axe of Woe (weapon)
   (You found it in the Dungeon)
Armour
 a - a +0 robe (worn)
Scrolls
 f - a scroll of blinking
Potions
 b - a potion of curing
 c - a potion of heal wounds
 d - a potion of haste
 e - a potion of berserk rage


   Skills:
 O Level 27 Fighting
 + Level 24.8(27) Short Blades
 + Level 24.8(27) Long Blades
 O Level 27 Axes
 O Level 27 Maces & Flails
 O Level 27 Polearms
 O Level 27 Staves
 + Level 23.0 Ranged Weapons
 + Level 23.0 Throwing
 O Level 27 Armour
 O Level 27 Dodging
 O Level 27 Stealth
 + Level 26.8 Shields
 O Level 27 Unarmed Combat
 O Level 27 Spellcasting
 O Level 27 Invocations
 + Level 26.8 Evocations


You knew the following spells:

 Your Spells              Type           Power      Damage    Failure   Level
a - Summon Small Mammal   Summ           100%       N/A       0%          1
b - Call Imp              Summ           91%        N/A       0%          2
c - Call Canine Familiar  Summ           91%        N/A       0%          3
d - Summon Guardian Gole  Hex/Summ       91%        N/A       0%          3
e - Summon Lightning Spi  Summ/Air       91%        N/A       0%          4
f - Sandblast             Erth           100%       2d20      0%          1
g - Poisonous Vapours     Pois/Air       100%       N/A       0%          2
h - Dazzling Flash        Conj/Hex       100%       N/A       0%          3
i - Dispel Undead         Necr           91%        3d29      0%          4
j - Lightning Bolt        Conj/Air       45%        1d65      0%          5
k - Yara's Violent Unrav  Hex/Tmut       45%        3d18      0%          5
l - Dispersal             Tloc           45%        N/A       0%          6
m - Spellforged Servitor  Conj/Summ      45%        N/A       0%          7
n - Summon Hydra          Summ           45%        N/A       0%          7
o - Lehudib's Crystal Sp  Conj/Erth      45%        10d11     1%          8
p - Borgnjor's Revivific  Necr           45%        N/A       1%          8
q - Death's Door          Necr           45%        N/A       1%          9
r - Polar Vortex          Ice            45%        N/A       1%          9
Your spell library was empty.

Dungeon Overview and Level Annotations

Branches:
Dungeon (1/1)

Altars:
Makhleb

Annotations:
D The Captor, The Servant


Innate Abilities, Weirdness & Mutations

You are immune to sickness and miasma.
You are immune to poison.
Your flesh is very heat resistant. (rF++)
You are vulnerable to cold. (rC-)
You float through the air rather than walking.
You learn spells naturally, not from books.
Your magical power is your life essence.
You have superior vitality. (+4 MHP)


Message History

The large abomination disappears in a puff of smoke! x2
You hear a shout! x4
The dread throws damnation at you.
The sphere of damnation explodes!
The damnation engulfs you!
The accursed gestures at you while chanting.
Something smites you!
A meat berserker comes into view. It is wielding a +9 battleaxe.
You hear a shout!
A meat berserker comes into view. It is wielding a +9 battleaxe.
Your Ranged Weapons skill increases to level 23!
Your Throwing skill increases to level 23!
The Captor comes into view.
He is wielding a +9 heavy triple sword.
Unknown command.
You slice the accursed!!
You hew the accursed savagely.
You destroy the accursed!
Makhleb accepts your kill.
You feel better.
You slash the meat berserker!
You hew the meat berserker savagely.
You kill the meat berserker!
Makhleb accepts your kill.
You feel better.
You hit the sculptor of flesh but do no damage.
You butcher the sculptor of flesh messily.
You destroy the sculptor of flesh!
Makhleb accepts your kill.
You feel better.
You feel extremely nervous for a moment...
You feel horribly lethargic.
You feel as though you will be slow longer.
You hear a shout!
The meat berserker rages.
The Captor points at you and mumbles some strange words.
The stream of webbing misses you.
The dread calls on the powers of darkness!
The meat berserker convulses!
Your body is wracked with pain!
The meat berserker convulses!
You hear a shout!
The Servant hits you from afar with a +9 glaive of flaming!!!!!
Ouch! That really hurt!
You die...

.. ..... #..
...# #.. ...# .
.###.. ...###..
......###......
.V...._.....
#.))))# #_)O)_#
#@W@))#
....M.)§).....W
.....§###....O.
.###.. ...###..
#§O ...# o #@
...# .. ....O
.. ..


You could see an accursed, The Servant, 2 dreads, 3 meat berserkers and The
Captor.

Vanquished Creatures
  3 royal mummies (D)
  10 vampire knights (D)
  22 ogres (D)
  7 two-headed ogres (D)
  5 liches (D)
  31 orcs (D)
  3 skeletal warriors (D)
81 creatures vanquished.

Notes
Turn   | Place    | Note
-------+----------+-------------------------------------------
     0 | D        | Found the +∞ Axe of Woe
     0 | D        | BigDaddyOpFi the Djinni Summoner began the quest for the
                  | Orb.
     0 | D        | BigDaddyOpFi set off with the following spells memorised:
                  | Summon Small Mammal, Call Imp, Call Canine Familiar, Summon
                  | Guardian Golem, Summon Lightning Spire.
     0 | D        | Reached XP level 1. HP: 15/15 MP: 0/0
     2 | D        | Noticed a bag of meat
     2 | D        | Noticed a bag of meat
     4 | D        | Became a worshipper of Makhleb the Destroyer
     4 | D        | Noticed a bag of meat
     5 | D        | Noticed a bag of meat
     5 | D        | Noticed a bag of meat
     5 | D        | Noticed a bag of meat
     5 | D        | Noticed a bag of meat
     6 | D        | Noticed a bag of meat
     6 | D        | Noticed a bag of meat
     7 | D        | Noticed a bag of meat
     8 | D        | Killed a bag of meat
     8 | D        | Noticed a bag of meat
     9 | D        | Reached skill level 10 in Dodging
     9 | D        | Reached XP level 2. HP: 34/34 MP: 0/0
     9 | D        | Reached XP level 3. HP: 40/40 MP: 0/0
     9 | D        | Learned a level 1 spell: Sandblast
     9 | D        | Reached XP level 4. HP: 45/45 MP: 0/0
     9 | D        | Reached XP level 5. HP: 50/50 MP: 0/0
     9 | D        | Learned a level 2 spell: Poisonous Vapours
     9 | D        | Reached XP level 6. HP: 57/57 MP: 0/0
     9 | D        | Reached XP level 7. HP: 61/61 MP: 0/0
     9 | D        | Learned a level 3 spell: Dazzling Flash
     9 | D        | Reached XP level 8. HP: 67/67 MP: 0/0
     9 | D        | Reached XP level 9. HP: 73/73 MP: 0/0
     9 | D        | Learned a level 4 spell: Dispel Undead
     9 | D        | Reached XP level 10. HP: 78/78 MP: 0/0
     9 | D        | Reached XP level 11. HP: 84/84 MP: 0/0
     9 | D        | Learned a level 5 spell: Lightning Bolt
     9 | D        | Killed a bag of meat
     9 | D        | Reached * piety under Makhleb
     9 | D        | Killed a bag of meat
     9 | D        | Noticed a bag of meat
    10 | D        | Reached skill level 10 in Axes
    10 | D        | Reached XP level 12. HP: 95/95 MP: 0/0
    10 | D        | Reached XP level 13. HP: 100/100 MP: 0/0
    10 | D        | Learned a level 5 spell: Yara's Violent Unravelling
    10 | D        | Killed a bag of meat
    10 | D        | Killed a bag of meat
    10 | D        | Reached ** piety under Makhleb
    10 | D        | Noticed a bag of meat
    11 | D        | Reached skill level 10 in Spellcasting
    11 | D        | Reached XP level 14. HP: 110/110 MP: 0/0
    11 | D        | Noticed a bag of meat
    11 | D        | Noticed a meat berserker
    11 | D        | Killed a bag of meat
    11 | D        | Killed a meat berserker
    12 | D        | Reached skill level 15 in Invocations
    12 | D        | Reached XP level 15. HP: 118/118 MP: 0/0
    12 | D        | Learned a level 6 spell: Dispersal
    13 | D        | Reached *** piety under Makhleb
    14 | D        | Reached skill level 15 in Fighting
    14 | D        | Reached skill level 15 in Armour
    14 | D        | Reached skill level 15 in Unarmed Combat
    14 | D        | Reached **** piety under Makhleb
    15 | D        | Reached skill level 15 in Stealth
    15 | D        | Reached XP level 16. HP: 129/129 MP: 0/0
    16 | D        | Noticed a meat berserker
    17 | D        | Noticed a meat berserker
    18 | D        | Reached skill level 15 in Axes
    18 | D        | Killed a meat berserker
    18 | D        | Reached ***** piety under Makhleb
    18 | D        | Noticed a meat berserker
    19 | D        | Reached XP level 17. HP: 139/139 MP: 0/0
    19 | D        | Learned a level 7 spell: Spellforged Servitor
    19 | D        | Noticed a meat berserker
    20 | D        | Noticed a meat berserker
    20 | D        | Noticed a large bag of meat
    21 | D        | Noticed a meat berserker
    22 | D        | Killed a meat berserker
    22 | D        | Noticed a meat berserker
    23 | D        | Reached skill level 15 in Spellcasting
    23 | D        | Killed a meat berserker
    23 | D        | Noticed a meat berserker
    24 | D        | Killed a meat berserker
    24 | D        | Killed a meat berserker
    25 | D        | Reached XP level 18. HP: 151/151 MP: 0/0
    25 | D        | Killed a meat berserker
    26 | D        | Noticed a large bag of meat
    27 | D        | Killed a meat berserker
    27 | D        | Noticed a meat berserker
    27 | D        | Noticed a meat berserker
    28 | D        | Reached XP level 19. HP: 160/160 MP: 0/0
    28 | D        | Learned a level 7 spell: Summon Hydra
    28 | D        | Killed a meat berserker
    28 | D        | Reached ****** piety under Makhleb
    28 | D        | Noticed a sculptor of flesh
    30 | D        | Noticed a destroyer
    31 | D        | Noticed a sculptor of flesh
    31 | D        | Killed a large bag of meat
    31 | D        | Killed a large bag of meat
    31 | D        | Killed a meat berserker
    32 | D        | Reached skill level 27 in Dodging
    32 | D        | Reached XP level 20. HP: 158/175 MP: 0/0
    32 | D        | Killed a meat berserker
    32 | D        | Noticed a destroyer
    33 | D        | Reached XP level 21. HP: 178/184 MP: 0/0
    33 | D        | Learned a level 8 spell: Lehudib's Crystal Spear
    33 | D        | Noticed a large bag of meat
    34 | D        | Noticed a meat berserker
    35 | D        | Noticed a destroyer
    35 | D        | Noticed a destroyer
    36 | D        | Noticed a large bag of meat
    37 | D        | Noticed a destroyer
    37 | D        | Killed a destroyer
    37 | D        | Noticed a large bag of meat
    37 | D        | Noticed a large bag of meat
    38 | D        | Reached skill level 27 in Fighting
    38 | D        | Reached skill level 27 in Armour
    38 | D        | Reached skill level 27 in Unarmed Combat
    38 | D        | Reached skill level 27 in Invocations
    38 | D        | Killed a destroyer
    38 | D        | Noticed a destroyer
    39 | D        | Reached XP level 22. HP: 194/194 MP: 0/0
    39 | D        | Killed a destroyer
    39 | D        | Noticed a meat berserker
    39 | D        | Noticed a meat berserker
    40 | D        | Reached skill level 27 in Stealth
    40 | D        | Killed a meat berserker
    40 | D        | Killed a destroyer
    41 | D        | Reached skill level 27 in Axes
    41 | D        | Reached skill level 27 in Spellcasting
    41 | D        | Killed a large bag of meat
    41 | D        | Killed a destroyer
    41 | D        | Noticed a meat berserker
    42 | D        | Reached XP level 23. HP: 189/201 MP: 0/0
    42 | D        | Learned a level 8 spell: Borgnjor's Revivification
    42 | D        | Noticed a destroyer
    42 | D        | Noticed a destroyer
    43 | D        | Killed a destroyer
    44 | D        | Noticed a tyrant
    45 | D        | Killed a destroyer
    45 | D        | Noticed a large bag of meat
    45 | D        | Noticed a tyrant
    45 | D        | Noticed a tyrant
    46 | D        | Reached XP level 24. HP: 207/208 MP: 0/0
    46 | D        | Killed a large bag of meat
    46 | D        | Killed a large bag of meat
    47 | D        | Killed a large bag of meat
    47 | D        | Noticed an accursed
    48 | D        | Reached skill level 27 in Maces & Flails
    48 | D        | Reached skill level 27 in Polearms
    48 | D        | Reached XP level 25. HP: 199/214 MP: 0/0
    48 | D        | Learned a level 9 spell: Death's Door
    48 | D        | Killed a tyrant
    48 | D        | Killed a destroyer
    51 | D        | Reached skill level 27 in Staves
    51 | D        | Reached skill level 5 in Shields
    52 | D        | Noticed a destroyer
    53 | D        | Reached skill level 10 in Shields
    53 | D        | Reached skill level 10 in Evocations
    53 | D        | Noticed a tyrant
    54 | D        | Killed a tyrant
    54 | D        | Killed a large bag of meat
    55 | D        | Reached XP level 26. HP: 183/221 MP: 0/0
    55 | D        | Killed a tyrant
    56 | D        | Noticed an accursed
    57 | D        | Reached skill level 15 in Shields
    57 | D        | Reached skill level 15 in Evocations
    57 | D        | Noticed an accursed
    57 | D        | Noticed an accursed
    57 | D        | Noticed a tyrant
    57 | D        | Noticed a destroyer
    58 | D        | Killed a tyrant
    59 | D        | Noticed a dread
    60 | D        | Killed an accursed
    61 | D        | Reached XP level 27. HP: 58/228 MP: 0/0
    61 | D        | Learned a level 9 spell: Polar Vortex
    62 | D        | Killed a destroyer
    63 | D        | Noticed The Servant
    64 | D        | Killed a destroyer
    65 | D        | Noticed a dread
    65 | D        | Killed an accursed
    66 | D        | Killed a tyrant
    67 | D        | Noticed The Captor
    67 | D        | Killed an accursed
    67 | D        | Annihilated by The Servant

Illustrated notes

Levels and vault maps discovered:
D:        meatsprint

Skill      XL: |  1  2  3  4  5  6  7  8  9 10 11 12 13 14 15 16 17 18 19 20 21 22 23 24 25 26 27 |
---------------+----------------------------------------------------------------------------------+-----
Fighting       | 9 11 13 14 16 18 20 22 25 26 27 | 27.0
Axes           | 7 10 11 12 14 15 17 18 21 22 24 27 | 27.0
Armour         | 9 11 13 14 16 18 20 21 25 26 27 | 27.0
Dodging        | 10 13 14 16 18 20 22 23 27 | 27.0
Stealth        | 9 11 12 14 15 17 19 20 23 24 26 27 | 27.0
Unarmed Combat | 9 11 13 14 16 18 20 21 25 26 27 | 27.0
Spellcasting   | 8 9 10 12 13 14 16 17 20 22 27 | 27.0
Invocations    | 9 12 13 15 16 18 20 22 25 26 27 | 27.0
Maces & Flails | 16 23 27 | 27.0
Polearms       | 16 23 27 | 27.0
Staves         | 18 27 | 27.0
Short Blades   | 12 20 24 | 24.8
Long Blades    | 12 20 24 | 24.8
Ranged Weapons | 11 19 23 | 23.0
Throwing       | 11 19 23 | 23.0
Shields        | 13 22 26 | 26.8
Evocations     | 13 22 26 | 26.8

Action                     |  1- 3 |  4- 6 |  7- 9 | 10-12 | 13-15 | 16-18 | 19-21 | 22-24 | 25-27 || total
---------------------------+-------+-------+-------+-------+-------+-------+-------+-------+-------++-------
  Melee: Executioner's axe |     1 |       |       |     1 |     4 |     9 |     8 |     7 |    14 ||    44
   Cast: Summon Guardian G |       |       |       |       |       |     1 |       |       |       ||     1
         Lehudib's Crystal |       |       |       |       |       |       |       |       |     1 ||     1
  Dodge: Dodged            |       |       |       |       |       |     1 |       |       |     2 ||     3

Table legend: (Time is in decaauts)
 A = Elapsed time spent in this place.
 B = Non-inter-level travel time spent in this place.
 C = Inter-level travel time spent in this place.
 D = Time resting spent in this place.
 E = Time spent auto-exploring this place.
 F = Levels seen in this place.
 G = Mean time per level.
                   A        B        C        D        E       F      G
               +--------+--------+--------+--------+--------+-----+--------+
         Total |     63 |     63 |      0 |      0 |      0 |   1 |   63.0 |
       Dungeon |     63 |     63 |      0 |      0 |      0 |   1 |   63.0 |
               +--------+--------+--------+--------+--------+-----+--------+

Top non-repeatable levels by time:
       D: 63 daAuts
